 Dungeon Crawl Stone Soup version 0.31.0-32-g396128a36d (webtiles) character file.

Game seed: 10747079106608156222

197 nano the Cudgeller (level 5, -4/33 HPs)
             Began as a Gargoyle Berserker on Mar 8, 2024.
             Was a Believer of Trog.
             Splashed by a jelly's acid (6 damage)
             ... on level 4 of the Dungeon.
             The game lasted 00:45:01 (4325 turns).

nano the Cudgeller (Gargoyle Berserker)             Turns: 4325, Time: 00:45:01

Health: -4/33      AC: -1    Str: 23    XL:     5   Next: 75%
Magic:  5/5        EV: 12    Int:  7    God:    Trog [**....]
Gold:   161        SH:  0    Dex:  9    Spells: 4/4 levels left

rFire   . . .        a - +0 mace
rCold   . . .        (no shield)
rNeg    + . .        b - +0 animal skin
rPois   ∞            (no helmet)
rElec   +            (no cloak)
rCorr   .            (no gloves)
SInv    .            (no boots)
Will    ++...        (no amulet)
Stlth   +            (no ring)
HPRegen 1.25/turn    (no ring)
MPRegen 0.09/turn

%: no passive effects
@: strong-willed, corroded, regenerating
A: sickness immunity, AC +4, negative energy resistance 1, electricity
resistance, torment resistance 1, petrification resistance
a: Renounce Religion, Berserk, Trog's Hand


You were on level 4 of the Dungeon.
You worshipped Trog.
Trog was pleased with you.
You visited 1 branch of the dungeon, and saw 4 of its levels.

You collected 161 gold pieces.

Inventory:

Hand Weapons
 a - a +0 mace (weapon)
 c - a +0 short sword of draining
 i - a +0 long sword of holy wrath
Armour
 b - a +0 animal skin (worn)
Talismans
 f - a dragon-blood talisman
 g - a flux talisman
Wands
 l - a wand of polymorph (5)
Scrolls
 d - a scroll of enchant weapon {unknown}
 j - a scroll of blinking {unknown}
 k - a scroll of teleportation {unknown}
 m - 2 scrolls of identify {unknown}
 n - a scroll of amnesia {unknown}
Potions
 e - 2 potions of heal wounds {unknown}
 h - a potion of haste {unknown}


   Skills:
 + Level 4.2 Fighting
 + Level 5.0 Maces & Flails
 + Level 2.5 Armour
 + Level 2.3 Dodging
 + Level 1.0 Stealth


You had 4 spell levels left.
You didn't know any spells.
Your spell library was empty.

Dungeon Overview and Level Annotations

Branches:
Dungeon (4/15)
 Temple: D:4-7

Altars:
Ashenzari
Makhleb
Okawaru

Annotations:
D:3 2 transporters, Killerpretzel's ghost, weakling OpSh


Innate Abilities, Weirdness & Mutations

You are immune to sickness and miasma.
Your stone body is resilient. (AC +4)
You are immune to poison.
You resist negative energy. (rN+)
You are resistant to electric shocks. (rElec)
You are resistant to unholy torment.
You are immune to petrification.


Message History

You sock the hound!
You kill the hound!
Trog accepts your kill.
Your Maces & Flails skill increases to level 5!
Your Stealth skill increases to level 1!
You start resting.
HP restored.
You start waiting.
Done waiting.
Found a burning altar of Makhleb.
There is a burning altar of Makhleb here.
Found a scroll labelled CIONNO KOALO.
There is a burning altar of Makhleb here.
A jelly comes into view.
The jelly quivers.
The jelly completely misses you. The jelly attacks as it pursues you!
The jelly hits you.
You are splashed with acid.
The jelly jiggles.
The jelly attacks as it pursues you! The jelly barely misses you.
You hit the jelly but do no damage. The acid corrodes you!
Your hands burn!
The jelly hits you.
You are splashed with acid!
You hit the jelly.
Your hands burn!
The jelly is moderately wounded.
The jelly hits you but does no damage.
You hit the jelly.
Your hands burn!
The jelly is heavily wounded.
The jelly misses you.
You hit the jelly but do no damage. The acid corrodes you!
Your hands burn!
The jelly is heavily wounded.
The jelly hits you.
You are splashed with acid!
* * * LOW HITPOINT WARNING * * *
You are too injured to fight recklessly!
You are too injured to fight recklessly!
Your skin crawls.
You feel strong-willed. The jelly hits you.
* * * LOW HITPOINT WARNING * * *
You are splashed with acid.
You die...

## . #
#################
.....[..........##
._..####..####...#
...............J@#
################.#
#..# ###.##
############...#
##............###
#...........###
........)...#
#############


You could see a jelly.

Vanquished Creatures
  A hound (D:4)
  2 orc wizards (D:3)
  5 adders
  3 ribbon worms
  3 orcs (D:3)
  8 endoplasms
  2 giant cockroaches
  7 goblins
  11 hobgoblins
  A quokka (D:1)
  3 ball pythons
  5 bats
  7 frilled lizards
  6 kobolds
  4 rats
68 creatures vanquished.

Notes
Turn   | Place    | Note
-------+----------+-------------------------------------------
     0 | D:1      | nano the Gargoyle Berserker began the quest for the Orb.
     0 | D:1      | Reached XP level 1. HP: 14/14 MP: 1/1
   349 | D:1      | Reached XP level 2. HP: 19/19 MP: 2/2
   922 | D:1      | Reached ** piety under Trog
  1358 | D:2      | Reached XP level 3. HP: 23/24 MP: 3/3
  2028 | D:2      | Reached skill level 4 in Maces & Flails
  2028 | D:2      | Reached XP level 4. HP: 24/29 MP: 4/4
  2370 | D:3      | Found a transporter.
  2374 | D:3      | Found a transporter.
  2374 | D:3      | Noticed Killerpretzel's ghost (weakling OpSh)
  2375 | D:3      | Noticed an ogre
  2379 | D:3      | Noticed an ogre
  2382 | D:3      | Noticed an ogre
  2588 | D:3      | Reached XP level 5. HP: 33/33 MP: 5/5
  2705 | D:3      | Found a broken altar of Ashenzari.
  2796 | D:3      | Found an iron altar of Okawaru.
  3068 | D:3      | Found a faded altar of an unknown god.
  4137 | D:4      | Reached skill level 5 in Maces & Flails
  4137 | D:4      | Reached skill level 1 in Stealth
  4256 | D:4      | Found a burning altar of Makhleb.
  4325 | D:4      | Splashed by a jelly's acid

Illustrated notes

Levels and vault maps discovered:
D:1:      minmay_arrival_plants_in_alcoves, layout_basic,
          serial_co_window_serial, co_window_paths_a, co_window_paths_a,
          co_window_paths_b, co_window_corner_a, co_window_of_opportunity_a,
          co_window_of_opportunity_b, co_window_broadway_b, co_window_cross_2,
          co_window_cross_3, glass_columns_a, glass_columns_a
D:2:      layout_basic
D:3:      layout_loops_ring, amcnicky_altar_gilded, okawaru_metal_pillars_1_2,
          gammafunk_ghost_smash, hellmonk_ecumenical_altar_zigzags,
          minmay_misc_feat_diagonals
D:4:      layout_rooms, bloody_trog, mainiacjoe_overflow_boulevard,
          minmay_temple_entry_trees, grunt_decor_mini_mirrors,
          kennysheep_generic_room_10, uniq_menkaure

Skill      XL: |  1  2  3  4  5 |
---------------+----------------+-----
Maces & Flails | 4 5 |  5.0
Dodging        | 2 |  2.3
Fighting       | 4 |  4.2
Stealth        | 1 |  1.0
Armour         | |  2.5

Action                     |  1- 3 |  4- 6 || total
---------------------------+-------+-------++-------
  Melee: Mace              |   110 |   116 ||   226
         Punch             |       |     2 ||     2
 Invoke: Berserk           |     1 |     2 ||     3
         Trog's Hand       |       |     2 ||     2
    Use: Potion            |       |     1 ||     1
 Armour: Animal skin       |    65 |    70 ||   135
  Dodge: Dodged            |    68 |    93 ||   161
